 Dungeon Crawl Stone Soup version 0.29.1-4-g47bece8355 (webtiles) character file.

Game seed: 1120655380712664266

3710 Tiocfaidh the Digger (level 9, -2/65 (70) HPs)
             Began as a Yellow Draconian Earth Elementalist on Dec 1, 2022.
             Was a Believer of Qazlal.
             Slain by a wight
             ... wielding a +0 morningstar
              (8 damage)
             ... on level 9 of the Dungeon.
             The game lasted 00:42:45 (8051 turns).

Tiocfaidh the Digger (DrEE)                         Turns: 8051, Time: 00:42:46

HP:   -2/65 (70)    AC:  9    Str: 11    XL:     9   Next: 91%
MP:   0/19          EV: 13    Int: 25    God:    Qazlal [**....]
Gold: 802           SH:  7    Dex: 12    Spells: 17/22 levels left

rFire   + + .      SeeInvis .   m - +7 great mace "Firestarter" {inner flame, rF++}
rCold   + . .      Faith    .   (shield currently unavailable)
rNeg    . . .      Spirit   +   (body armour unavailable)
rPois   .          Reflect  .   (helmet restricted)
rElec   .          Harm     .   n - +0 cloak
rCorr   +          Rampage  .   y - +0 pair of gloves
Will    +....                   (no boots)
Stlth   ++........              q - amulet of guardian spirit
HPRegen 0.20/turn               d - +6 ring of intelligence
MPRegen 0.16/turn               b - ring of protection from cold

@: drained
A: spit acid, AC +7, unfitting armour, cold-blooded, acid resistance, large bone
plates 1, strong-willed 1
a: Breathe Acid, Renounce Religion, Upheaval


You were on level 9 of the Dungeon.
You worshipped Qazlal.
Qazlal was pleased with you.
You visited 2 branches of the dungeon, and saw 10 of its levels.

You collected 1727 gold pieces.
You spent 925 gold pieces at shops.

Inventory:

Hand Weapons
 m - the +7 great mace "Firestarter" (weapon) {inner flame, rF++}
   (You bought it in a shop on level 4 of the Dungeon)

   It burns those it strikes, dealing additional fire damage.
   It fills those it strikes with an explosive inner flame.
   It grants immunity to clouds of flame.
   rF:        It greatly protects you from fire.
Missiles
 a - 2 throwing nets
 e - 4 poisoned darts
 h - 3 javelins
 i - 4 silver boomerangs
 k - a boomerang
Armour
 n - a +0 cloak (worn)
 y - a +0 pair of gloves (worn)
Jewellery
 b - a ring of protection from cold (right hand)
 d - a +6 ring of intelligence (left hand)
 q - an amulet of guardian spirit (around neck)
Wands
 w - a wand of mindburst (11)
 x - a wand of flame (27)
 C - a wand of charming (4)
Scrolls
 c - 3 scrolls of amnesia
 g - a scroll of teleportation
 j - 2 scrolls of identify
 l - a scroll of brand weapon
 s - 2 scrolls of magic mapping
 v - a scroll of enchant weapon
Potions
 f - 3 potions of curing
 o - a potion of brilliance {unknown}
 p - 3 potions of attraction {unknown}
 r - 2 potions of degeneration {unknown}
 t - a potion of resistance {unknown}
 u - a potion of ambrosia
 z - a potion of invisibility {unknown}
 A - 3 potions of might {unknown}


   Skills:
 + Level 3.5 Fighting
 + Level 0.6 Short Blades
 + Level 6.1 Maces & Flails
 + Level 2.6 Throwing
 + Level 4.2 Dodging
 + Level 3.1 Stealth
 + Level 3.1 Shields
 + Level 7.0 Spellcasting
 + Level 1.1 Summonings
 + Level 1.0 Transmutations
 + Level 7.4 Earth Magic


You had 17 spell levels left.
You knew the following spells:

 Your Spells              Type           Power      Damage    Failure   Level
a - Sandblast             Erth           92%        2d19      1%          1
b - Blink                 Tloc           16%        N/A       10%         2
c - Call Imp              Summ           14%        N/A       6%          2

Your spell library contained the following spells:

 Spells                   Type           Power      Damage    Failure   Level
 Passwall                 Tmut/Erth      25%        N/A       1%          2
 Stone Arrow              Conj/Erth      54%        3d10      4%          3
 Magic Dart               Conj           32%        1d4       7%          1
 Necrotise                Necr           32%        1d5       7%          1
 Petrify                  Tmut/Erth      30%        N/A       12%         4
 Gell's Gravitas          Tloc           8%         N/A       21%         3
 Lesser Beckoning         Tloc           8%         N/A       21%         3
 Mephitic Cloud           Conj/Pois/Air  8%         N/A       21%         3
 Teleport Other           Tloc           8%         N/A       21%         3
 Vampiric Draining        Necr           8%         2d6       21%         3
 Agony                    Necr           8%         N/A       88%         5
 Manifold Assault         Tloc           8%         N/A       88%         5


Dungeon Overview and Level Annotations

Branches:
Dungeon (9/15)             Temple (1/1) D:4
   Lair: D:8-11         Orc: D:9-12

Altars:
Gozag
Kikubaaqudgha
Qazlal
Trog
Yredelemnul
Zin
The Shining One

Shops:
D:4 (   D:7 (


Innate Abilities, Weirdness & Mutations

You can spit globs of acid.
Your golden yellow scales are hard. (AC +7)
You cannot fit into any form of body armour.
You are cold-blooded and may be slowed by cold attacks.
You are resistant to acid. (rCorr)
You are partially covered in large bone plates. (SH +4)
You are strong-willed. (Will+)


Message History

Found 6 stones and a falchion.
You start resting.
A wight comes into view. It is wielding a +2 scimitar.
A wight is nearby!
A wight comes into view. It is wielding a +0 great sword.
A wight comes into view. It is wielding a +0 morningstar.
The wight hits you with a +2 scimitar.
You closely miss the wight.
A wight comes into view. It is wielding a +2 halberd.
The wight barely misses you.
A wight comes into view. It is wielding a +2 hand axe.
The wight hits you but does no damage.
You barely miss the wight. The wight misses you.
You closely miss the wight. The wight hits you with a +2 scimitar!
You feel drained.
You hit the wight. You burn the wight.
The wight is filled with an inner flame.
The wight is heavily damaged.
The wight closely misses you.
The wight hits you with a +0 great sword.
The wight hits you with a +0 morningstar.
You feel drained.
You closely miss the wight.
The wight is heavily damaged.
The wight's inner flame fades away.
The wight hits you with a +0 great sword.
The wight hits you but does no damage.
The wight hits you with a +0 morningstar!
The wight hits you with a +2 scimitar!
* * * LOW HITPOINT WARNING * * *
You feel drained.
You hit the wight. You burn the wight.
The wight is filled with an inner flame.
You tail-slap the wight, but do no damage.
The wight is almost destroyed.
You block the wight's attack. x2; The wight hits you with a +2 scimitar!
* * * LOW HITPOINT WARNING * * *
The wight closely misses you.
The wight hits you with a +0 morningstar!
You die...

#..# ####..##.
....... #
##..(... .....
.# ...>.<.8 #
#...# .#
........
##.###...##..##.
........
#.......°zz.....
........
#.......@zz..#
#..!...
##..##.#z.#..#
#...... ###### #
#.....< #......
#...... #......
#...... #.......
#.......


You could see 5 wights.

Vanquished Creatures
  A two-headed ogre (D:7)
  A yak (D:9)
  A wraith (D:8)
  A wyvern (D:8)
  Menkaure (D:4)
  2 water moccasins
  4 black bears
  2 orc warriors
  A sky beast (D:9)
  2 ice beasts
  A centaur (D:7)
  A kobold brigand (D:8)
  Blork the orc (D:4)
  2 bullfrogs
  4 necrophages
  2 scorpions
  2 gnoll sergeants
  A howler monkey (D:6)
  A hound (D:5)
  A jelly (D:5)
  Crazy Yiuf (D:5)
  4 iguanas
  5 orc wizards
  9 gnolls
  9 adders
  A white imp (D:3)
  3 ufetubi
  3 worms (D:2)
  3 dart slugs
  24 orcs
  5 ball pythons
  7 bats
  6 endoplasms
  3 giant cockroaches
  7 goblins
  7 hobgoblins
  2 quokkas
  3 frilled lizards
  2 goblin zombies (D:3)
  A hobgoblin zombie (D:3)
  13 kobolds
  2 kobold skeletons (D:3)
  2 kobold zombies (D:3)
  An orc zombie (D:3)
  3 rats
  2 toadstools (D:1)
160 creatures vanquished.

Vanquished Creatures (others)
  A fungus (D:5)
  2 toadstools (D:1)
3 creatures vanquished.

Grand Total: 163 creatures vanquished

Notes
Turn   | Place    | Note
-------+----------+-------------------------------------------
     0 | D:1      | Tiocfaidh the Draconian Earth Elementalist began the quest
                  | for the Orb.
     0 | D:1      | Reached XP level 1. HP: 14/14 MP: 3/3
   257 | D:1      | Reached XP level 2. HP: 20/20 MP: 3/5
   260 | D:1      | You fall into a shaft and drop 1 floor!
   332 | D:1      | Found a faded altar of an unknown god.
   730 | D:2      | Reached XP level 3. HP: 26/26 MP: 3/6
   799 | D:2      | Gained mutation: You are strong-willed. (Will+) [potion of
                  | mutation]
   799 | D:2      | Gained mutation: You are partially covered in large bone
                  | plates. (SH +4) [potion of mutation]
  1050 | D:2      | Reached XP level 4. HP: 33/33 MP: 5/8
  2045 | D:3      | Found a glowing golden altar of the Shining One.
  2119 | D:4      | Reached XP level 5. HP: 38/38 MP: 4/9
  2167 | D:4      | Noticed Blork the orc
  2515 | D:4      | Found a staircase to the Ecumenical Temple.
  2518 | D:4      | Found Coatek's Weapon Shop.
  2595 | D:4      | Reached skill level 1 in Throwing
  3105 | D:4      | Noticed Menkaure
  3116 | D:4      | Killed Menkaure
  3117 | D:4      | Reached skill level 1 in Fighting
  3117 | D:4      | Reached skill level 5 in Earth Magic
  3117 | D:4      | Reached XP level 6. HP: 20/47 MP: 8/12
  3308 | Temple   | Entered the Ecumenical Temple
  3314 | Temple   | Became a worshipper of Qazlal Stormbringer
  3718 | D:4      | Learned a level 2 spell: Blink
  3813 | D:5      | Entered Level 5 of the Dungeon
  3895 | D:5      | Your scales start taking on a golden yellow colour.
  3895 | D:5      | Reached XP level 7. HP: 53/53 MP: 8/13
  3895 | D:5      | Gained mutation: You are resistant to acid. (rCorr) [Yellow
                  | Draconian growth]
  4303 | D:5      | Reached * piety under Qazlal
  4453 | D:5      | Identified a scroll of acquirement
  4454 | D:5      | Acquired 1278 gold pieces
  4489 | D:4      | Killed Blork the orc
  4490 | D:4      | Reached skill level 5 in Spellcasting
  4923 | D:4      | Bought the +7 great mace "Firestarter" {inner flame, rF++}
                  | for 925 gold pieces
  4923 | D:4      | Found the +7 great mace "Firestarter" {inner flame, rF++}
  5084 | D:5      | Reached XP level 8. HP: 16/61 MP: 3/16
  5466 | D:5      | Found a runed translucent door.
  5467 | D:5      | Noticed Crazy Yiuf
  5472 | D:5      | Killed Crazy Yiuf
  5726 | D:6      | Learned a level 2 spell: Call Imp
  5900 | D:6      | Found a glowing silver altar of Zin.
  5956 | D:6      | Reached skill level 1 in Maces & Flails
  5972 | D:6      | Reached skill level 1 in Shields
  6250 | D:7      | Reached skill level 1 in Summonings
  6459 | D:7      | Reached XP level 9. HP: 66/68 MP: 16/18
  6910 | D:7      | Found Haatecat's Weapon Boutique.
  7073 | D:8      | Noticed a two-headed ogre
  7074 | D:8      | Noticed a deep elf pyromancer
  7079 | D:8      | Reached ** piety under Qazlal
  7089 | D:7      | Killed a two-headed ogre
  7353 | D:8      | Noticed a cyan ugly thing
  7638 | D:8      | Reached skill level 5 in Maces & Flails
  7950 | D:8      | Noticed a death yak
  7954 | D:8      | Noticed a queen bee
  8051 | D:9      | Slain by a wight

Illustrated notes

Levels and vault maps discovered:
D:1:      ldierk_water_garden, layout_rooms, chequers_ecumenical_altar_simple
D:2:      minmay_recursive_quarters, layout_basic, kennysheep_potato
D:3:      layout_rooms, nicolae_tso_besieged_by_evil
D:4:      layout_loops_ring, minmay_temple_entry_drinking_statues, serial_shops,
          nicolae_shop_stone, uniq_blork_the_orc, uniq_menkaure
D:5:      layout_loops_cross, kennysheep_doodads, kennysheep_small_circle,
          uniq_crazy_yiuf_cottage
D:6:      layout_gridville, zin_academy
D:7:      layout_loops_ring, serial_shops, nicolae_shop_window_shopping
D:8:      minmay_the_grid_square_5x5_3x3
          [minmay_the_grid_square_5x5_beaten_path,
          minmay_the_grid_square_5x5_meh,
          minmay_the_grid_square_5x5_two_walls_a,
          minmay_the_grid_square_5x5_hourglass,
          minmay_the_grid_square_5x5_megaprize_checkered,
          minmay_the_grid_square_5x5_fat_x, minmay_the_grid_square_5x5_seven,
          minmay_the_grid_square_5x5_empty,
          minmay_the_grid_square_5x5_shuriken], layout_cave_pools,
          mainiacjoe_overflow_catch_the_wave, david_lair_generic
D:9:      layout_gridville, serial_shops,
          nicolae_shop_temple_entry_statues_fountains, hangedman_decor_growths
Temple:   nicolae_temple_bog_church

Skill      XL: |  1  2  3  4  5  6  7  8  9 |
---------------+----------------------------+-----
Earth Magic    | 4 5 6 7 |  7.4
Dodging        | 2 4 |  4.2
Stealth        | 2 3 |  3.1
Spellcasting   | 3 4 5 6 7 |  7.0
Throwing       | 1 2 |  2.6
Fighting       | 1 2 3 |  3.5
Maces & Flails | 3 6 |  6.1
Shields        | 1 3 |  3.1
Summonings     | 1 |  1.1
Short Blades   | |  0.6
Transmutations | |  1.0

Action                   |  1- 3 |  4- 6 |  7- 9 || total
-------------------------+-------+-------+-------++-------
Melee: Unarmed           |     6 |       |       ||     6
       Tailslap          |     1 |     2 |    13 ||    16
       Dagger            |     8 |    30 |       ||    38
       Punch             |       |     1 |       ||     1
       Great mace        |       |       |    77 ||    77
Throw: Boomerang         |     5 |    30 |       ||    35
       Dart              |       |    18 |    10 ||    28
       Javelin           |       |    11 |       ||    11
 Cast: Sandblast         |    41 |    85 |    59 ||   185
       Call Imp          |       |       |     3 ||     3
  Use: Potion            |     2 |     4 |     1 ||     7
       Scroll            |       |     9 |     7 ||    16
 Stab: Sleeping          |       |     1 |       ||     1
Armor: Skin              |    13 |    25 |    52 ||    90
Dodge: Dodged            |    34 |    46 |    86 ||   166
Block: Other             |     2 |    18 |    49 ||    69
